 Dungeon Crawl Stone Soup version 0.20.1-1-g8b1a95d (webtiles) character file.

267 vineage the Slasher (level 6, -2/70 HPs)
             Began as a Demonspawn Berserker on Oct 19, 2017.
             Was a Believer of Trog.
             Killed by divine providence
             ... invoked by an orc priest
              (16 damage)
             ... on level 4 of the Dungeon.
             The game lasted 00:04:43 (2155 turns).

vineage the Slasher (Demonspawn Berserker)          Turns: 2155, Time: 00:04:44

Health: -2/70      AC: 11    Str: 23    XL:     6   Next: 0%
Magic:  0/6        EV: 10    Int: 11    God:    Trog [**....]
Gold:   118        SH:  0    Dex: 13    Spells: 5/5 levels left

rFire    . . .     SeeInvis .   a - +0 falchion
rCold    . . .     Gourm    .   (no shield)
rNeg     . . .     Faith    .   n - +0 scale mail
rPois    .         Spirit   +   (no helmet)
rElec    .         Reflect  .   (no cloak)
rCorr    .         Harm     .   j - +2 pair of gloves
MR       ++...                  (no boots)
Stlth    ..........             h - amulet of regeneration
Regen    1.7/turn               f - +2 ring of intelligence
MPRegen  0.1/turn               (no ring)

@: mighty, berserking (expiring), regenerating, very quick
A: molten scales 1, demonic guardian 1, magic shield
a: Berserk, Trog's Hand, Burn Spellbooks, Renounce Religion


You were on level 4 of the Dungeon.
You worshipped Trog.
Trog was pleased with you.
You were not hungry.

You visited 1 branch of the dungeon, and saw 4 of its levels.

You collected 118 gold pieces.

Inventory:

Hand Weapons
 a - a +0 falchion (weapon)
Armour
 b - a +0 animal skin
 j - a +2 pair of gloves (worn)
 n - a +0 scale mail (worn)
Jewellery
 f - a +2 ring of intelligence (left hand)
 h - an amulet of regeneration (around neck)
Wands
 q - a wand of digging (17/24)
Scrolls
 d - a scroll of immolation {unknown}
 e - 3 scrolls of identify {unknown}
 i - a scroll of recharging {unknown}
 k - a scroll of remove curse {unknown}
 t - a scroll of random uselessness {unknown}
 u - a scroll of amnesia {unknown}
Potions
 p - a potion of might
 r - a potion of curing {unknown}
 s - a potion of mutation {unknown}
Comestibles
 c - a bread ration
 g - 2 meat rations
 m - 2 fruits
 o - a royal jelly


   Skills:
 - Level 3.2 Fighting
 + Level 6.0 Long Blades
 - Level 1.8 Armour
 - Level 1.9 Dodging


You had 5 spell levels left.
You didn't know any spells.

Dungeon Overview and Level Annotations

Branches:
Dungeon (4/15)
 Temple: D:4-7

Altars:
Cheibriados


Innate Abilities, Weirdness & Mutations

You are partially covered in molten scales. (AC +2)
A weak demonic guardian rushes to your aid.
When hurt, damage is shared between your health and your magic reserves.


Message History

The orc wizard gestures at you while chanting.
The magic dart hits you!
You slash the orc wizard!
You kill the orc wizard!
Trog accepts your kill.
Trog appreciates your killing of a magic user.
Your Long Blades skill increases to level 6!
You have reached level 6!
Your experience leads to an increase in your attributes!
Your base attributes are Str 18, Int 9, Dex 12.
Increase (S)trength, (I)ntelligence, or (D)exterity?
You feel agile.
The orc priest hits you but does no damage.
The orc moves out of view.
Items here: ))) [[[ † You hit the orc priest.
The orc priest is moderately wounded.
The orc priest invokes the aid of Beogh against you.
Beogh smites you!
You die...

#..... #...o #o..o
#... ###..# ......
.... .....#
#######o#####
.#...###......oo@55#
.....##.......###5#
....##.......# #.#
#.#.##.......# #.#
#.#.##.......# #.#
#...........## #.#
#...........# #.#
#.(.........# #.#
#...........+ ...


You could see 2 orc priests, an orc, a friendly iron imp, a friendly white imp
and a friendly shadow imp.

Vanquished Creatures
  An orc priest (D:4)
  A bullfrog skeleton (D:4)
  2 orc wizards (D:4)
  A worker ant (D:3)
  2 adders (D:2)
  3 gnolls (D:2)
  An ooze (D:2)
  5 dart slugs
  6 leopard geckos
  2 ball pythons (D:3)
  2 giant cockroaches (D:3)
  A goblin (D:2)
  9 hobgoblins
  3 jackals (D:2)
  5 bats
  4 frilled lizards
  6 kobolds
  7 rats
61 creatures vanquished.

Vanquished Creatures (collateral kills)
  A worker ant (D:3)
  An orc (D:4)
2 creatures vanquished.

Grand Total: 63 creatures vanquished

Notes
Turn   | Place    | Note
-------+----------+-------------------------------------------
     0 | D:1      | vineage the Demonspawn Berserker began the quest for the Orb.
     0 | D:1      | Reached XP level 1. HP: 18/18 MP: 1/1
     0 | D:1      | Found a snail-covered altar of Cheibriados.
    96 | D:1      | Gained mutation: You are partially covered in molten scales. (AC +2) [demonic ancestry]
    96 | D:1      | Reached XP level 2. HP: 19/24 MP: 2/2
   129 | D:1      | Reached skill level 3 in Long Blades
   567 | D:2      | Gained mutation: A weak demonic guardian rushes to your aid. [demonic ancestry]
   567 | D:2      | Reached XP level 3. HP: 29/29 MP: 3/3
   572 | D:2      | Reached ** piety under Trog
   574 | D:2      | Reached skill level 4 in Long Blades
   755 | D:2      | Reached XP level 4. HP: 25/35 MP: 4/4
  1668 | D:3      | Reached skill level 5 in Long Blades
  1668 | D:3      | Gained mutation: When hurt, damage is shared between your health and your magic reserves. [demonic ancestry]
  1668 | D:3      | Reached XP level 5. HP: 35/41 MP: 5/5
  2153 | D:4      | Reached skill level 6 in Long Blades
  2153 | D:4      | Reached XP level 6. HP: 10/47 MP: 0/6
  2155 | D:4      | Killed from afar by an orc priest

Skill      XL: |  1  2  3  4  5 |
---------------+----------------+-----
Long Blades    | 3 4 5 6 |  6.0
Fighting       | |  3.2
Armour         | |  1.8
Dodging        | |  1.9

Action                   |  1- 3 |  4- 6 || total
-------------------------+-------+-------++-------
Melee: Falchion          |    65 |   132 ||   197
Invok: Berserk           |     2 |     1 ||     3
       Trog's Hand       |       |     1 ||     1
  Use: Potion            |       |     3 ||     3
 Stab: Sleeping          |     1 |       ||     1
  Eat: Chunk             |     2 |     3 ||     5
       Meat ration       |       |     1 ||     1
Armor: Animal skin       |    17 |    15 ||    32
       Scale mail        |       |    49 ||    49
Dodge: Dodged            |    53 |    73 ||   126
       Rpst.: Falchion   |    11 |    24 ||    35
